 Dungeon Crawl Stone Soup version 0.28-a0-628-g3c9886e45e (webtiles) character file.

Game seed: 8739455461479604740

107 demibob the Sneak (level 5, -1/30 HPs)
             Began as a Kobold Brigand on Oct 9, 2021.
             Slain by a gnoll (7 damage)
             ... on level 2 of the Dungeon.
             The game lasted 00:04:58 (2121 turns).

demibob the Sneak (Kobold Brigand)                  Turns: 2121, Time: 00:04:59

Health: -1/30      AC:  3    Str:  8    XL:     5   Next: 10%
Magic:  5/5        EV: 15    Int: 13    God:
Gold:   58         SH:  0    Dex: 17    Spells: 4/4 levels left

rFire   . . .      SeeInvis .   g - +0 dagger (venom)
rCold   . . .      Faith    .   (shield restricted)
rNeg    . . .      Spirit   .   b - +0 robe
rPois   .          Reflect  .   (no helmet)
rElec   .          Harm     .   c - +0 cloak
rCorr   .          Rampage  .   (no gloves)
Will    .....                   (no boots)
Stlth   ++++......              (no amulet)
HPRegen 0.10/turn               (no ring)
MPRegen 0.09/turn               (no ring)

@: flying
A: small, no large weapons, nightstalker 3
a: no special abilities


You were on level 2 of the Dungeon.
You visited 1 branch of the dungeon, and saw 2 of its levels.

You collected 58 gold pieces.


Innate Abilities, Weirdness & Mutations

You are small and have problems with some larger weapons.
You are completely attuned to the shadows.


   Skills:
 - Level 2.1 Fighting
 + Level 4.3 Short Blades
 - Level 2.1 Throwing
 + Level 3.2 Dodging
 + Level 6.5 Stealth


You had 4 spell levels left.
You didn't know any spells.
Your spell library was empty.

Inventory:

Hand Weapons
 a - a +2 dagger
 g - a +0 dagger of venom (weapon)
Missiles
 d - 8 poisoned darts (quivered)
 e - 2 curare-tipped darts {=f}
Armour
 b - a +0 robe (worn)
 c - a +0 cloak (worn)
Scrolls
 h - a scroll of identify {unknown}
 i - a scroll of holy word {unknown}
 j - a scroll of immolation {unknown}
Potions
 f - a potion of invisibility {unknown}

Dungeon Overview and Level Annotations

Branches:
Dungeon (2/15)

Altars:

##..#####.......##...########
........'.......†.......>...#
###..####.......#...........# #
##.## ####.####...........# #
#..# #.####...........# # ##.##
#.##.............# #
#..#####'##....##########
#####..............#
##..............@..#
##.##....).....##g##
▒▒'▒▒▒▒▒÷......##b#
..≈....▒.......##.#..
▒▒§▒▒..▒.......##.#.#
..§....▒.......##.#.#
..≈§...▒.......##.#.#
▒▒⚑▒▒▒.▒.......##.#.#############
..≈....▒.......'.................


You could see a gnoll (very poisoned) and a bat.


Message History

You feel clever. The bat closely misses you. The bat misses you.
The bat barely misses you.
You barely miss the bat. The bat misses you.
You hit the gnoll.
The gnoll looks even sicker.
The gnoll is moderately wounded.
The gnoll misses you.
You hit the gnoll.
The gnoll looks as sick as possible!
The gnoll is severely wounded.
The gnoll closely misses you.
You kill the gnoll!
The bat misses you. The bat hits you but does no damage.
The bat completely misses you.
You closely miss the bat. The bat barely misses you.
The bat hits you but does no damage.
You closely miss the bat. The bat barely misses you.
The bat completely misses you.
You miss the bat. The bat misses you.
You hit the bat but do no damage. The bat barely misses you.
You hit the gnoll but do no damage.
The gnoll is poisoned.
The gnoll hits you with a +0 flail!
* * * LOW HITPOINT WARNING * * *
There is an open door here.
You hit the gnoll.
The gnoll is severely wounded.
You hit the gnoll.
The gnoll looks even sicker.
The gnoll is almost dead.
The gnoll hits you with a +0 flail!
You die...

Skill      XL: |  1  2  3  4 |
---------------+-------------+-----
Short Blades   | 3 4 |  4.3
Dodging        | 2 3 |  3.2
Stealth        | 6 |  6.5
Fighting       | |  2.1
Throwing       | |  2.1

Action                   |  1- 3 |  4- 6 || total
-------------------------+-------+-------++-------
Melee: Dagger            |   114 |    56 ||   170
  Use: Potion            |     1 |     1 ||     2
 Stab: Sleeping          |    12 |     6 ||    18
Armor: Robe              |    18 |    11 ||    29
Dodge: Dodged            |    58 |    56 ||   114

Levels and vault maps discovered:
D:1:      mainiacjoe_arrival_reflecting_pool, layout_rooms, st_stairs_10
D:2:      layout_basic, shapermc_ecumenical_altar_notcrosses,
          chequers_arboretum, minivault_26, uniq_crazy_yiuf_cottage

Notes
Turn   | Place    | Note
-------+----------+-------------------------------------------
     0 | D:1      | demibob the Kobold Brigand began the quest for the Orb.
     0 | D:1      | Reached XP level 1. HP: 12/12 MP: 1/1
   316 | D:1      | Reached skill level 3 in Short Blades
   316 | D:1      | Reached XP level 2. HP: 17/17 MP: 2/2
   454 | D:1      | Reached skill level 2 in Dodging
   580 | D:1      | Reached XP level 3. HP: 21/21 MP: 3/3
  1186 | D:2      | Reached skill level 6 in Stealth
  1332 | D:2      | Reached XP level 4. HP: 26/26 MP: 4/4
  1475 | D:2      | Reached skill level 4 in Short Blades
  1625 | D:2      | Found a faded altar of an unknown god.
  2072 | D:2      | Reached skill level 3 in Dodging
  2099 | D:2      | Reached XP level 5. HP: 12/30 MP: 5/5
  2121 | D:2      | Slain by a gnoll

Vanquished Creatures
  3 gnolls (D:2)
  An adder (D:2)
  3 worms (D:2)
  A dart slug (D:1)
  5 ball pythons
  7 bats
  3 endoplasms
  2 giant cockroaches
  4 goblins
  6 hobgoblins
  3 jackals (D:2)
  3 quokkas (D:1)
  A frilled lizard (D:1)
  9 kobolds
  3 rats (D:1)
54 creatures vanquished.

Table legend: (Time is in decaauts)
 A = Elapsed time spent in this place.
 B = Non-inter-level travel time spent in this place.
 C = Inter-level travel time spent in this place.
 D = Time resting spent in this place.
 E = Time spent auto-exploring this place.
 F = Levels seen in this place.
 G = Mean time per level.
                   A        B        C        D        E       F      G
               +--------+--------+--------+--------+--------+-----+--------+
         Total |   2090 |   2082 |      8 |    485 |   1248 |   2 | 1045.0 |
       Dungeon |   2090 |   2082 |      8 |    485 |   1248 |   2 | 1045.0 |
               +--------+--------+--------+--------+--------+-----+--------+

Top non-repeatable levels by time:
     D:1: 1128 daAuts
     D:2: 962 daAuts

Table legend:
 A = Non-vault XP
 B = Vault XP
 C = Vault XP percentage of total XP
 D = Non-vault monster count
 E = Vault monster count
 F = Vault count percentage of total count
                 A         B        C        D         E       F
            +---------+---------+-------+---------+---------+-------
      Total |     145 |       8 |   5.2 |      50 |       4 |   7.4
            +---------+---------+-------+---------+---------+-------
        D:1 |      45 |       8 |  15.1 |      26 |       4 |  13.3
        D:2 |     100 |       0 |   0.0 |      24 |       0 |   0.0
            +---------+---------+-------+---------+---------+-------
